 Dungeon Sprint DCSS version bcrawl-1.20.1-3-gdcb1fc31ed (webtiles) character file.

Game seed: 8771969772082725111

155 Freyura the Shield-Bearer (level 5, -19/46 HPs)
             Began as a Formicid Fighter on Jan 28, 2020.
             Was an Initiate of Makhleb.
             Demolished by a cyclops (24 damage)
             ... in the Dungeon (Sprint IX: "|||||||||||||||||||||||||||||").
             The game lasted 00:02:54 (290 turns).

Freyura the Shield-Bearer (Formicid Fighter)         Turns: 290, Time: 00:02:55

Health: -19/46     AC: 12    Str: 25    XL:     5   Next: 63%
Magic:  5/5        EV: 11    Int:  8    God:    Makhleb [......]
Gold:   0          SH: 11    Dex: 14    Spells: 4/4 levels left

rFire    . . .     SeeInvis +   p - +7 Singing Sword {slice}
rCold    . . .     Gourm    .   c - +0 shield
rNeg     . . .     Faith    .   b - +0 scale mail
rPois    .         Spirit   .   (helmet unavailable)
rElec    .         Reflect  .   q - +0 cloak
rCorr    .         Harm     .   (no gloves)
MR       .....                  r - +0 pair of boots
Stlth    ..........             (no amulet)
HPRegen  0.15/turn              s - +2 ring of protection
MPRegen  0.09/turn              t - +3 ring of dexterity

@: mighty, singing, very slightly contaminated, invisible (expiring)
A: permanent stasis, dig shafts and tunnels, four strong arms, antennae 3
a: Dig, Renounce Religion


You were in the Dungeon.
You worshipped Makhleb.
Makhleb was noncommittal.
You were not hungry.

You visited 1 branch

Inventory:

Hand Weapons
 a - a +0 flail
 p - the +7 Singing Sword (weapon) {slice}
   (You found it in the Dungeon)

   It inflicts extra damage upon your enemies.
Armour
 b - a +0 scale mail (worn)
 c - a +0 shield (worn)
 q - a +0 cloak (worn)
 r - a +0 pair of boots (worn)
Jewellery
 s - a +2 ring of protection (left hand)
 t - a +3 ring of dexterity (right hand)
Wands
 o - a wand of acid (10)
Scrolls
 k - 2 scrolls of blinking
 m - 3 scrolls of remove curse
 n - 2 scrolls of amnesia
Potions
 f - 5 potions of curing
 g - 3 potions of heal wounds
 h - a potion of haste
 i - 4 potions of magic
 j - a potion of berserk rage
 l - a potion of invisibility
Comestibles
 e - a ration {!d}


   Skills:
 + Level 5.7 Fighting
 * Level 1.2 Long Blades
 - Level 6.0 Maces & Flails
 + Level 5.6 Armour
 + Level 3.5 Dodging
 + Level 6.1 Shields
 + Level 1.0 Invocations


You had 4 spell levels left.
You didn't know any spells.
Your spell library was empty.

Dungeon Overview and Level Annotations

Branches:
Dungeon (1/1)

Altars:
Cheibriados
Dithmenos
Elyvilon
Fedhas
Gozag
Hepliaklqana
Kikubaaqudgha
Lugonu
Makhleb
Nemelex Xobeh
Okawaru
Qazlal
Ru
Sif Muna
Trog
Uskayaw
Vehumet
Wu Jian
Xom
Yredelemnul
Zin
The Shining One
Beogh
Jiyva


Innate Abilities, Weirdness & Mutations

You cannot be hasted, slowed, berserked, paralysed or teleported.
You can dig through walls and to a lower floor.
Your four strong arms can wield two-handed weapons with a shield.
You have a pair of large antennae on your head. (SInv)


Message History

The orc warrior hits you but does no damage.
The cyclops throws a large rock.
The large rock closely misses the orc warrior.
You block the large rock.
You completely miss the orc warrior.
The orc warrior is lightly wounded.
The orc warrior hits you with a +0 war axe!
* * * LOW HITPOINT WARNING * * *
The cyclops throws a large rock.
The large rock hits the orc warrior!!
The orc warrior dies!
Your Long Blades skill increases to level 1!
Your Invocations skill increases to level 1!
You block the cyclops's attack.
Things that are here:
a +0 war axe; 127 tomahawks; a +0 chain mail You hit the cyclops.
The cyclops is lightly wounded.
The cyclops hits you!!
Ouch! That really hurt!
You die...

{
▓+▓
▓Y▓
▓Z▓
▓O▓
▓C▓
▓@▓
▓.▓
▓)▓
▓.▓
{
▓.▓
{
▓[▓
{
▓.▓
{
▓.▓
{
▓)▓


You could see a cyclops, an ice beast (wandering), an ogre and a bat skeleton
(wandering).

Vanquished Creatures
  A sky beast (D)
  A hound (D)
  An adder (D)
  An orc (D)
  A giant cockroach (D)
  A hobgoblin (D)
  A quokka (D)
  2 bats (D)
  A kobold (D)
10 creatures vanquished.

Vanquished Creatures (others)
  An orc warrior (D)
  An orc (D)
2 creatures vanquished.

Grand Total: 12 creatures vanquished

Notes
Turn   | Place    | Note
-------+----------+-------------------------------------------
     0 | D        | Freyura the Formicid Fighter began the quest for the Orb.
     0 | D        | Reached XP level 1. HP: 18/18 MP: 1/1
    16 | D        | Reached skill level 1 in Dodging
    29 | D        | Noticed a hound
    29 | D        | Noticed a sky beast
    31 | D        | Reached XP level 2. HP: 23/24 MP: 2/2
    44 | D        | Killed a sky beast
    44 | D        | Reached skill level 5 in Fighting
    44 | D        | Reached skill level 5 in Maces & Flails
    44 | D        | Reached skill level 5 in Armour
    44 | D        | Reached skill level 5 in Shields
    44 | D        | Reached XP level 3. HP: 15/33 MP: 3/3
    44 | D        | Reached XP level 4. HP: 18/39 MP: 4/4
    50 | D        | Reached XP level 5. HP: 22/44 MP: 5/5
    67 | D        | Found a roughly hewn altar of Beogh.
    67 | D        | Found a snail-covered altar of Cheibriados.
    67 | D        | Found a shadowy altar of Dithmenos.
    67 | D        | Found a white marble altar of Elyvilon.
    67 | D        | Found a blossoming altar of Fedhas.
    67 | D        | Found an opulent altar of Gozag.
    68 | D        | Found a hazy altar of Hepliaklqana.
    69 | D        | Found a viscous altar of Jiyva.
    70 | D        | Found an ancient bone altar of Kikubaaqudgha.
    71 | D        | Found a corrupted altar of Lugonu.
    72 | D        | Found a burning altar of Makhleb.
    73 | D        | Found a sparkling altar of Nemelex Xobeh.
    74 | D        | Found an iron altar of Okawaru.
    75 | D        | Found a stormy altar of Qazlal.
    76 | D        | Found a sacrificial altar of Ru.
    77 | D        | Found a shimmering blue altar of Sif Muna.
    78 | D        | Found a bloodstained altar of Trog.
    79 | D        | Found a hide-covered altar of Uskayaw.
    80 | D        | Found a radiant altar of Vehumet.
    81 | D        | Found an ornate altar of the Wu Jian Council.
    82 | D        | Found a shimmering altar of Xom.
    83 | D        | Found a basalt altar of Yredelemnul.
    84 | D        | Found a glowing silver altar of Zin.
    85 | D        | Found a glowing golden altar of the Shining One.
    94 | D        | Found the +7 Singing Sword {slice}
   148 | D        | Became a worshipper of Makhleb the Destroyer
   280 | D        | Noticed an ice beast
   280 | D        | Noticed an ogre
   280 | D        | Noticed a cyclops
   280 | D        | Noticed an orc warrior
   288 | D        | Killed an orc warrior
   288 | D        | Reached skill level 1 in Long Blades
   288 | D        | Reached skill level 1 in Invocations
   290 | D        | Demolished by a cyclops

Skill      XL: |  1  2  3  4  5 |
---------------+----------------+-----
Dodging        | 1 3 |  3.5
Shields        | 4 5 6 |  6.1
Fighting       | 5 |  5.7
Maces & Flails | 5 6 |  6.0
Armour         | 5 |  5.6
Long Blades    | 1 |  1.2
Invocations    | 1 |  1.0

Action                   |  1- 3 |  4- 6 || total
-------------------------+-------+-------++-------
Melee: Flail             |    34 |    16 ||    50
       Double sword      |       |     6 ||     6
  Use: Potion            |       |     1 ||     1
Armor: Scale mail        |    19 |     9 ||    28
Dodge: Dodged            |    11 |     8 ||    19
Block: Shield            |    11 |     7 ||    18
